 Dungeon Crawl Stone Soup version 0.28.0-53-g5a82cb258f (webtiles) character file.

Game seed: 1918018359503629836

11346 LustLizard the Cleaver (level 11, -1/97 HPs)
             Began as a Minotaur Berserker on July 25, 2022.
             Was an Elder of Trog.
             Slain by a centaur warrior (2 damage)
             ... on level 10 of the Dungeon.
             The game lasted 00:22:50 (11670 turns).

LustLizard the Cleaver (Minotaur Berserker)        Turns: 11670, Time: 00:22:50

Health: -1/97      AC: 15    Str: 26    XL:     11   Next: 48%
Magic:  10/10      EV:  8    Int:  4    God:    Trog [****..]
Gold:   666        SH:  3    Dex: 10    Spells: 10/10 levels left

rFire   . . .      SeeInvis .   B - +0 war axe
rCold   + . .      Faith    .   Q - +0 buckler
rNeg    . . .      Spirit   .   k - +3 chain mail
rPois   .          Reflect  .   (helmet restricted)
rElec   .          Harm     .   s - scarf {repulsion}
rCorr   +          Rampage  .   g - +1 pair of gloves
Will    .....                   H - +0 pair of boots
Stlth   ..........              (no amulet)
HPRegen 0.26/turn               f - ring of protection from cold
MPRegen 0.12/turn               o - ring of resist corrosion

@: on berserk cooldown, slowed, repel missiles, very slow
A: horns 2, retaliatory headbutt
a: Renounce Religion, Berserk, Trog's Hand, Brothers in Arms


You were on level 10 of the Dungeon.
You worshipped Trog.
Trog was greatly pleased with you.
You visited 1 branch of the dungeon, and saw 10 of its levels.

You collected 666 gold pieces.

Inventory:

Hand Weapons
 a - a +0 hand axe
 B - a +0 war axe (weapon)
Missiles
 d - 180 stones (quivered)
 u - 23 poisoned darts
 v - 7 boomerangs
 U - 6 silver javelins
Armour
 b - a +0 animal skin
 c - a +0 cloak
 g - a +1 pair of gloves (worn)
 j - a +0 ring mail
 k - a +3 chain mail (worn)
 r - a +2 ring mail of fire resistance
 s - a scarf of repulsion (worn)
 C - a +0 kite shield
 G - a +0 plate armour
 H - a +0 pair of boots (worn)
 Q - a +0 buckler (worn)
Jewellery
 f - a ring of protection from cold (left hand)
 m - an amulet of faith
 o - a ring of resist corrosion (right hand)
 M - a ring of ice
Wands
 l - a wand of iceblast (13)
 y - a wand of mindburst (24)
 K - a wand of acid (6)
Scrolls
 e - 3 scrolls of amnesia {unknown}
 h - 2 scrolls of vulnerability {unknown}
 n - 4 scrolls of fear {unknown}
 p - a scroll of magic mapping {unknown}
 w - 2 scrolls of summoning {unknown}
 F - 2 scrolls of brand weapon {unknown}
 I - 4 scrolls of teleportation
 L - a scroll of torment {unknown}
 N - a scroll of enchant weapon {unknown}
 P - a scroll of immolation {unknown}
 R - a scroll of fog {unknown}
 V - a scroll of identify
Potions
 i - a potion of haste
 q - 3 potions of might
 t - 4 potions of mutation
 x - a potion of heal wounds
 z - a potion of ambrosia
 A - a potion of brilliance
 D - a potion of magic {unknown}
 E - a potion of experience {unknown}
 J - 2 potions of degeneration
 O - a potion of flight {unknown}
 T - a potion of curing {unknown}
Miscellaneous
 S - a tin of tremorstones (2/2)


   Skills:
 + Level 9.5 Fighting
 * Level 12.6 Axes
 * Level 10.1 Throwing
 - Level 2.4 Armour
 - Level 2.1 Dodging
 * Level 8.2 Evocations


You had 10 spell levels left.
You didn't know any spells.
Your spell library was empty.

Dungeon Overview and Level Annotations

Branches:
Dungeon (10/15)            Temple (0/1) D:7            Lair (0/6) D:8
    Orc (0/2) D:10

Altars:
Cheibriados
Elyvilon
Makhleb
Sif Muna
Uskayaw
Xom
Zin
The Shining One

Shops:
D:7 (

Annotations:
D:10 4 runed translucent doors


Innate Abilities, Weirdness & Mutations

You have a pair of horns on your head.
You reflexively headbutt those who attack you in melee.


Message History

* * * LOW HITPOINT WARNING * * *
The centaur warrior kicks you but does no damage.
The centaur warrior hits you but does no damage.
The centaur warrior kicks you.
* * * LOW HITPOINT WARNING * * *
You fail to use your ability.
You block the centaur warrior's attack.
The centaur warrior kicks you but does no damage.
The centaur warrior hits you but does no damage.
The centaur warrior kicks you.
* * * LOW HITPOINT WARNING * * *
You are confused.
You feel invigorated. The centaur warrior barely misses you.
The centaur warrior kicks you but does no damage.
The centaur warrior hits you but does no damage.
The centaur warrior kicks you but does no damage.
The centaur warrior completely misses you.
The centaur warrior kicks you but does no damage.
You're too confused to move!
The centaur warrior hits you but does no damage.
The centaur warrior kicks you but does no damage.
The centaur warrior hits you.
* * * LOW HITPOINT WARNING * * *
The centaur warrior kicks you but does no damage.
You bump into the rock wall.
You feel less invigorated.
You feel less confused. The centaur warrior hits you!
* * * LOW HITPOINT WARNING * * *
The centaur warrior kicks you but does no damage.
The centaur warrior hits you!
* * * LOW HITPOINT WARNING * * *
The centaur warrior kicks you but does no damage.
You hit the centaur warrior but do no damage.
You block the centaur warrior's attack. The centaur warrior barely misses you.
You block the centaur warrior's attack. The centaur warrior barely misses you.
You barely miss the centaur warrior. The centaur warrior hits you!
* * * LOW HITPOINT WARNING * * *
The centaur warrior barely misses you. The centaur warrior hits you.
* * * LOW HITPOINT WARNING * * *
The centaur warrior kicks you.
You die...

....######.......#8....8#.##.#
.##.######.......+......+.##.##
.##.#............+z.....+.....#
.##.....#....###.#8....8#..##.#
######..#.######.##8)$8##..##.#
#####..#.###.....######......#
#........##..###'# #'###..#
#.####....#.##.c.# ###.#.##.#
#.# #.##.#.#†#@## #=##.#)#)#
##)# #....#.#†##.# #..###.#)#
...# #......#)#.## ###..#.#)#
#### #####..#.### #(##.#.#.#
#..##. ####....##.#
#...######..######..#
#..................##
##.................#
###################


You could see a centaur warrior.

Vanquished Creatures
  A tengu warrior (D:10)
  2 two-headed ogres
  Nergalle (D:10)
  A wolf spider (D:10)
  A manticore (D:9)
  A gargoyle (D:10)
  Maggie (D:8)
  A kobold demonologist (D:10)
  A komodo dragon (D:10)
  3 trolls
  A hornet (D:8)
  A shadow (D:10)
  2 yaks (D:10)
  A wraith (D:10)
  Grum (D:8)
  A basilisk (D:10)
  2 steam dragons
  2 vampire mosquitoes (D:10)
  2 water moccasins
  Duvessa (D:6)
  2 orc warriors (D:10)
  3 ice beasts (D:6)
  2 black bears (D:6)
  2 wolves (D:8)
  3 ogres
  5 centaurs
  A phantom (D:6)
  3 kobold brigands
  A gnoll sergeant (D:10)
  2 bullfrogs
  3 scorpions
  A water moccasin zombie (D:7)
  Dowan (D:6)
  A water moccasin skeleton (D:3)
  A killer bee (D:10)
  9 wights
  3 howler monkeys (D:7)
  A crimson imp (D:9)
  4 centaur zombies
  7 hounds
  2 bullfrog zombies
  2 bullfrog skeletons
  4 orc priests
  A jelly (D:6)
  Ijyb (D:4)
  A centaur skeleton (D:7)
  An iguana (D:5)
  Natasha (twice) (D:4)
  5 orc wizards
  A scorpion zombie (D:5)
  A hound zombie (D:5)
  A hound skeleton (D:2)
  2 howler monkey zombies
  7 gnolls
  4 adders
  2 shadow imps
  3 white imps
  An ufetubus (D:7)
  2 worms
  4 dart slugs
  23 orcs
  8 endoplasms
  5 giant cockroaches
  7 goblins
  8 hobgoblins
  9 jackals
  3 quokkas
  10 ball pythons
  3 bats
  3 frilled lizards
  17 kobolds
  8 rats
233 creatures vanquished.

Vanquished Creatures (collateral kills)
  Urug (D:10)
  An acid dragon (D:10)
2 creatures vanquished.

Vanquished Creatures (others)
  A plant (D:7)
1 creature vanquished.

Grand Total: 236 creatures vanquished

Notes
Turn   | Place    | Note
-------+----------+-------------------------------------------
     0 | D:1      | LustLizard the Minotaur Berserker began the quest for the
                  | Orb.
     0 | D:1      | Reached XP level 1. HP: 19/19 MP: 0/0
   173 | D:1      | Reached skill level 4 in Axes
   230 | D:1      | Reached XP level 2. HP: 24/27 MP: 1/1
   481 | D:1      | Reached ** piety under Trog
   604 | D:1      | Reached XP level 3. HP: 33/33 MP: 2/2
   621 | D:1      | Reached skill level 1 in Throwing
   903 | D:2      | Noticed a scorpion
   914 | D:2      | Killed a scorpion
   915 | D:2      | Reached skill level 5 in Axes
   915 | D:2      | Reached XP level 4. HP: 35/41 MP: 3/3
  1130 | D:2      | Found a faded altar of an unknown god.
  1354 | D:2      | Reached XP level 5. HP: 47/47 MP: 4/4
  1413 | D:2      | Reached *** piety under Trog
  1875 | D:3      | Noticed an ogre
  1927 | D:2      | Killed an ogre
  2051 | D:3      | Reached skill level 6 in Axes
  2051 | D:3      | Reached XP level 6. HP: 30/55 MP: 5/5
  2055 | D:3      | Reached skill level 5 in Fighting
  2390 | D:3      | Found a glowing silver altar of Zin.
  2395 | D:3      | Found a snail-covered altar of Cheibriados.
  2398 | D:3      | Found a hide-covered altar of Uskayaw.
  2795 | D:4      | Noticed Natasha
  2807 | D:4      | Killed Natasha
  3132 | D:4      | Noticed Ijyb
  3604 | D:4      | Noticed Natasha
  3612 | D:4      | Killed Natasha
  3693 | D:4      | Killed Ijyb
  3736 | D:5      | Entered Level 5 of the Dungeon
  3869 | D:5      | Reached XP level 7. HP: 56/61 MP: 6/6
  3906 | D:5      | Reached skill level 7 in Axes
  3983 | D:5      | Reached skill level 1 in Evocations
  4354 | D:5      | Reached **** piety under Trog
  4808 | D:6      | Reached skill level 5 in Throwing
  4811 | D:6      | Found a glowing golden altar of the Shining One.
  4854 | D:6      | Reached XP level 8. HP: 61/70 MP: 7/7
  5026 | D:6      | Noticed Duvessa
  5032 | D:6      | Noticed Dowan
  5037 | D:6      | Killed Duvessa
  5038 | D:6      | Reached skill level 8 in Axes
  5041 | D:6      | Killed Dowan
  5485 | D:6      | Reached skill level 9 in Axes
  5549 | D:6      | Reached XP level 9. HP: 76/78 MP: 8/8
  6124 | D:7      | Found Cam Waan's Hydra Hut.
  6126 | D:7      | Noticed a seven-headed hydra
  6177 | D:7      | Noticed a two-headed ogre
  6393 | D:6      | Killed a two-headed ogre
  6394 | D:6      | Reached skill level 10 in Axes
  6394 | D:6      | Reached skill level 5 in Evocations
  6609 | D:7      | Found a white marble altar of Elyvilon.
  6722 | D:7      | Found a staircase to the Ecumenical Temple.
  7133 | D:7      | Found a shimmering altar of Xom.
  7384 | D:8      | Reached XP level 10. HP: 88/88 MP: 9/9
  7468 | D:8      | Paralysed by a hornet for 3 turns
  7760 | D:8      | Noticed Maggie
  7772 | D:8      | Killed Maggie
  8005 | D:8      | Found a shimmering blue altar of Sif Muna.
  8056 | D:8      | Noticed Grum
  8083 | D:8      | Killed Grum
  8271 | D:8      | Found a staircase to the Lair.
  8333 | D:9      | Noticed a manticore
  8350 | D:9      | Killed a manticore
  8351 | D:9      | Reached skill level 11 in Axes
  8587 | D:9      | Found a burning altar of Makhleb.
  9661 | D:10     | Entered Level 10 of the Dungeon
  9677 | D:10     | Noticed a two-headed ogre
  9698 | D:10     | Killed a two-headed ogre
  9905 | D:10     | Noticed a gargoyle
  9914 | D:10     | Killed a gargoyle
  9995 | D:10     | Noticed Urug
 10006 | D:10     | Killed Urug
 10007 | D:10     | Reached XP level 11. HP: 37/95 MP: 10/10
 10258 | D:10     | Found a staircase to the Orcish Mines.
 10273 | D:10     | Noticed Nergalle
 10289 | D:10     | Killed Nergalle
 10290 | D:10     | Reached skill level 12 in Axes
 10349 | D:10     | Found a large runed translucent door.
 10349 | D:10     | Found a large runed translucent door.
 10357 | D:10     | Noticed a skeletal warrior
 10540 | D:10     | Found a large runed translucent door.
 10540 | D:10     | Found a large runed translucent door.
 10984 | D:10     | Noticed a wolf spider
 10999 | D:10     | Killed a wolf spider
 11003 | D:10     | HP: 2/145 [yak (13)]
 11640 | D:10     | Noticed a tengu warrior
 11645 | D:10     | Reached skill level 10 in Throwing
 11648 | D:10     | HP: 7/145 [tengu warrior/+0 great sword (1)]
 11649 | D:10     | HP: 2/145 [tengu warrior/+0 great sword (5)]
 11651 | D:10     | Killed a tengu warrior
 11663 | D:10     | Noticed a centaur warrior
 11670 | D:10     | HP: 1/97 [centaur warrior (6)]
 11670 | D:10     | Slain by a centaur warrior

Illustrated notes

Levels and vault maps discovered:
D:1:      nzn_arrival_settlement, layout_rooms
D:2:      wad_river_or_something, layout_basic,
          shapermc_ecumenical_altar_notcrosses
D:3:      layout_rooms, minmay_overflow_temple_star_quad
D:4:      layout_gridville, uniq_ijyb, uniq_natasha
D:5:      layout_loops_cross
D:6:      minmay_bubble_buster, layout_gridville, mainiacjoe_overflow_boulevard,
          uniq_duvessa
D:7:      layout_cave_pools, elyvilon_altar_3,
          mainiacjoe_overflow_concentric_impassable,
          minmay_temple_entry_metal_lava, minmay_misc_feat_plants,
          doesnt_shop_hydraphobe
D:8:      minmay_klotski, layout_rooms, led_sif_pool, lair_entry_dummy,
          uniq_maggie, uniq_grum
D:9:      layout_irregular_city, bloody_makhleb, minmay_fire_ice_demons
D:10:     layout_basic, orc_0_dummy, minmay_hollow_rounded_squares, uniq_urug,
          uniq_nergalle

Skill      XL: |  1  2  3  4  5  6  7  8  9 10 11 |
---------------+----------------------------------+-----
Axes           | 4 5 6 7 9 10 11 12 | 12.6
Fighting       | 4 5 6 7 8 9 |  9.5
Throwing       | 2 3 4 5 6 7 9 10 | 10.1
Evocations     | 2 4 5 7 8 |  8.2
Armour         | |  2.4
Dodging        | |  2.1

Action                   |  1- 3 |  4- 6 |  7- 9 | 10-12 || total
-------------------------+-------+-------+-------+-------++-------
Melee: Hand axe          |    69 |   170 |    26 |       ||   265
       Headbutt          |     9 |    29 |    41 |    45 ||   124
       Punch             |       |     4 |     2 |       ||     6
       War axe           |       |       |   191 |   241 ||   432
Throw: Stone             |       |    19 |   169 |   103 ||   291
       Dart              |       |       |     8 |     5 ||    13
Invok: Trog's Hand       |       |     2 |     1 |     4 ||     7
       Berserk           |       |       |     1 |     2 ||     3
       Brothers in Arms  |       |       |       |     2 ||     2
  Use: Scroll            |       |       |     5 |     3 ||     8
       Potion            |       |       |       |     2 ||     2
Armor: Animal skin       |    19 |     4 |       |       ||    23
       Ring mail         |       |     7 |       |       ||     7
       Chain mail        |       |    88 |   104 |   142 ||   334
Dodge: Dodged            |    37 |    40 |    95 |   106 ||   278
       Repelled          |       |       |     1 |     2 ||     3
Block: Buckler           |       |       |       |    18 ||    18
